 Dungeon Crawl Stone Soup version 0.29.1-1-gd02db6906a (webtiles) character file.

Game seed: 10068182772039166440

38957 RatsInWalls the Warrior (level 14, -1/163 HPs)
             Began as an Ogre Monk on Oct 20, 2022.
             Was the Champion of Nemelex Xobeh.
             Killed from afar by a rime drake (10 damage)
             ... with a flash freeze
             ... on level 5 of the Lair of Beasts.
             The game lasted 00:51:36 (20875 turns).

RatsInWalls the Warrior (Ogre Monk)                Turns: 20875, Time: 00:51:37

Health: -1/163     AC: 11    Str: 26    XL:     14   Next: 4%
Magic:  22/22      EV: 12    Int: 13    God:    Nemelex Xobeh [******]
Gold:   1190       SH:  0    Dex: 11    Spells: 13/13 levels left

rFire   . . .      SeeInvis .   j - +2 giant spiked club
rCold   . . .      Faith    .   (shield currently unavailable)
rNeg    + . .      Spirit   .   E - +1 steam dragon scales
rPois   .          Reflect  .   D - +2 hat
rElec   .          Harm     .   F - +0 cloak
rCorr   .          Rampage  .   (gloves unavailable)
Will    +....                   (boots unavailable)
Stlth   ++........              N - amulet of regeneration
HPRegen 1.17/turn               h - ring of positive energy
MPRegen 0.18/turn               u - +6 ring of strength

@: no status effects
A: large, unfitting armour, tough skin 1
a: Renounce Religion, Draw Escape, Draw Destruction, Draw Summoning, Triple
Draw, Deal Four, Stack Five


You were on level 5 of the Lair of Beasts.
You worshipped Nemelex Xobeh.
Nemelex Xobeh was exalted by your worship.
You visited 2 branches of the dungeon, and saw 15 of its levels.

You collected 1190 gold pieces.

Inventory:

Hand Weapons
 j - a +2 giant spiked club (weapon)
Missiles
 e - 150 stones (quivered)
 f - 2 large rocks
 z - a silver boomerang
 A - 11 poisoned darts
 O - 7 javelins
Armour
 k - +0 fire dragon scales
 B - +0 acid dragon scales
 D - a +2 hat (worn)
 E - +1 steam dragon scales (worn)
 F - a +0 cloak (worn)
Jewellery
 h - a ring of positive energy (left hand)
 u - a +6 ring of strength (right hand)
 x - an amulet of faith
 I - a ring of flight
 N - an amulet of regeneration (around neck)
Wands
 v - a wand of iceblast (5)
 y - a wand of mindburst (12)
 G - a wand of flame (30)
 H - a wand of paralysis (7)
 L - a wand of polymorph (6)
Scrolls
 a - a scroll of poison
 d - 5 scrolls of fog
 i - a scroll of blinking
 l - 3 scrolls of vulnerability
 s - 5 scrolls of fear
 w - a scroll of enchant armour
 C - 4 scrolls of teleportation
 J - a scroll of summoning
 K - a scroll of amnesia
 M - a scroll of identify
Potions
 b - 3 potions of invisibility
 c - 2 potions of ambrosia
 g - 5 potions of curing
 m - 3 potions of lignification
 n - 3 potions of brilliance
 o - 2 potions of resistance
 p - a potion of magic
 q - 3 potions of mutation
 r - 3 potions of might
 t - a potion of berserk rage
 P - 2 potions of haste
 Q - a potion of cancellation


   Skills:
 + Level 16.7 Fighting
 + Level 13.5 Maces & Flails
 * Level 5.2 Armour
 - Level 7.0 Dodging
 - Level 1.4 Stealth
 + Level 11.8 Invocations


You had 13 spell levels left.
You didn't know any spells.
Your spell library contained the following spells:

 Spells                   Type           Power      Damage    Failure   Level
 Apportation              Tloc           0%         N/A       30%         1
 Magic Dart               Conj           0%         1d3       30%         1
 Necrotise                Necr           0%         1d4       30%         1
 Summon Small Mammal      Summ           0%         N/A       30%         1
 Ensorcelled Hibernation  Hex/Ice        0%         N/A       43%         2
 Searing Ray              Conj           0%         2d4       43%         2
 Static Discharge         Conj/Air       0%         3-3/arc   43%         2
 Conjure Flame            Conj/Fire      0%         6-21      67%         3
 Dazzling Flash           Conj/Hex       0%         N/A       67%         3
 Ignite Poison            Fire/Tmut/Pois 0%         N/A       67%         3
 Portal Projectile        Hex/Tloc       0%         N/A       67%         3
 Spider Form              Tmut/Pois      0%         N/A       67%         3
 Tukima's Dance           Hex            0%         N/A       67%         3
 Anguish                  Hex/Necr       0%         N/A       97%         4
 Fulminant Prism          Conj/Hex       0%         3d6       97%         4
 Iskenderun's Mystic Bla  Conj/Tloc      0%         2d3       97%         4
 Leda's Liquefaction      Hex/Erth       0%         N/A       97%         4
 Sticky Flame             Conj/Fire      0%         2d3       97%         4
 Blade Hands              Tmut           0%         N/A       100%        5
 Lee's Rapid Deconstruct  Erth           0%         3d5*      100%        5
 Lightning Bolt           Conj/Air       0%         1d11      100%        5
 Starburst                Conj/Fire      0%         6d3       100%        6
 Statue Form              Tmut/Erth      0%         N/A       100%        6
 Maxwell's Capacitive Co  Air            0%         ∞         100%        8


Dungeon Overview and Level Annotations

Branches:
Dungeon (10/15)            Temple (0/1) D:6            Lair (5/5) D:10
 Shoals (0/4) Lair:3        Snake (0/4) Lair:3        Slime (0/5) Lair:5
    Orc (0/2) D:10

Altars:
Ashenzari
Cheibriados
Dithmenos
Elyvilon
Hepliaklqana
Nemelex Xobeh
Okawaru
Qazlal
Ru
Sif Muna
Trog
Uskayaw
Xom
Yredelemnul
Zin
The Shining One
Jiyva

Shops:
D:9 :

Annotations:
D:6 1 runed translucent door, TheGhostDragon952's ghost, novice MiBe
D:7 3 runed translucent doors, quakins's ghost, novice FoFi
D:9 1 runed translucent door, alphun's ghost, novice KoBe
Lair:1 2 transporters


Innate Abilities, Weirdness & Mutations

You are too large for most types of armour.
You have tough skin. (AC +1)


Message History

The blink frog blinks!
You miss the blink frog.
The blink frog is almost dead.
The blink frog misses you.
The blink frog blinks!
You closely miss the blink frog.
The blink frog is almost dead.
The blink frog hits you!
* * * LOW HITPOINT WARNING * * *
The blink frog barely misses you. x2; The blink frog hits you!
* * * LOW HITPOINT WARNING * * *
Unknown command.
You closely miss the blink frog.
The blink frog is almost dead.
The blink frog hits you!
* * * LOW HITPOINT WARNING * * *
The blink frog hits you!
* * * LOW HITPOINT WARNING * * *
Unknown command.
You feel better. The blink frog hits you.
* * * LOW HITPOINT WARNING * * *
The blink frog blinks!
The blink frog misses you. The blink frog hits you!
* * * LOW HITPOINT WARNING * * *
The blink frog blinks!
Unknown command.
You draw a card...
You have drawn Pain.
Press: ? - help, Shift-Dir - straight line, f - blink frog
Aim: a blink frog (almost dead)
The blink frog convulses!
The blink frog blinks!
Unknown command.
Okay, then.
You draw a card...
You have drawn Exile.
The blink frog is devoured by a tear in reality.
You draw a card...
You have drawn Degeneration.
The blink frog evaporates and reforms as a rime drake!
The rime drake twists and deforms.
The rime drake breathes ice at you. The flash freeze hits you!
You die...
Your body disappears without a glow.

♣...........#......
######............?....
##...####.P............#
##....# ##÷...........#.
#.....######...#..##....#
#....#.##.#...#.#.##..##
#.............##### ..#
#.............#
#..†..@...........
#..†§.#..#........
#.§§.###.....#.#..
#..§.k.........####
#..............#.#
##...............#
#..............
#.............P
/............


You could see a rime drake (catching breath, misshapen).

Vanquished Creatures
  A dire elephant (Lair:5)
  A fire dragon (Lair:5)
  A boulder beetle (Lair:5)
  3 hydras
  A fire crab (Lair:5)
  A goliath frog (Lair:4)
  A moth of wrath (Lair:5)
  A manticore (Lair:3)
  Maurice (D:10)
  19 elephants
  3 black mambas
  4 cane toads
  8 rime drakes
  6 komodo dragons
  A kobold demonologist (D:10)
  2 polar bears
  A wind drake (Lair:3)
  7 blink frogs
  4 wyverns
  A spriggan (Lair:5)
  15 yaks
  6 basilisks
  2 fire bats
  A hog (Lair:4)
  3 steam dragons
  4 nagas (Lair:3)
  4 acid dragons
  15 water moccasins
  2 orc warriors
  2 black bears
  A tengu (D:6)
  An ogre (D:5)
  14 wolves
  3 centaurs
  A phantom (D:7)
  A kobold brigand (D:7)
  10 bullfrogs
  5 scorpions
  5 wights (D:9)
  3 killer bees (D:10)
  4 hounds
  3 jellies (Lair:5)
  4 orc priests
  9 iguanas
  5 orc wizards
  4 hell rats (Lair:3)
  A mummy (D:5)
  4 gnolls
  4 adders
  A shadow imp (D:7)
  3 white imps
  An ufetubus (D:5)
  3 worms
  7 dart slugs
  26 orcs
  6 endoplasms
  3 giant cockroaches
  5 goblins
  3 hobgoblins
  8 jackals
  11 kobolds
  5 ball pythons
  3 bats
  4 frilled lizards
  4 rats (D:1)
  A spectral kobold (D:1)
297 creatures vanquished.

Vanquished Creatures (collateral kills)
  A storm dragon (Lair:5)
  A hydra (Lair:2)
  A catoblepas (Lair:5)
  A lindwurm (Lair:5)
  A manticore (Lair:5)
  Joseph (D:9)
  A cane toad (Lair:5)
  A rime drake (Lair:5)
  A troll (Lair:5)
  A wind drake (Lair:5)
  A blink frog (Lair:5)
  8 yaks
  A steam dragon (D:6)
  Menkaure (D:4)
  Grum (D:9)
  A water moccasin (D:6)
  An orc warrior (D:4)
  An ice beast (Lair:5)
  2 sky beasts (D:6)
  A black bear (shapeshifter) (Lair:4)
  An ogre (D:4)
  3 wolves (D:9)
  2 scorpions
  A bullfrog (D:6)
  A gnoll sergeant (D:10)
  3 killer bees (D:10)
  A howler monkey (D:6)
  An orc priest (D:4)
  3 orc wizards
  An adder (D:7)
  3 gnolls (D:10)
  An ufetubus (D:4)
  12 orcs
  A ball python (D:4)
  2 goblins (D:4)
  A kobold (D:4)
65 creatures vanquished.

Vanquished Creatures (others)
  A bat (D:6)
  A ball python (D:6)
  A frilled lizard (D:6)
  A bush (Lair:3)
  34 fungi
  99 plants
137 creatures vanquished.

Grand Total: 499 creatures vanquished

Notes
Turn   | Place    | Note
-------+----------+-------------------------------------------
     0 | D:1      | RatsInWalls the Ogre Monk began the quest for the Orb.
     0 | D:1      | Reached XP level 1. HP: 24/24 MP: 1/1
    44 | D:1      | Found a faded altar of an unknown god.
   231 | D:1      | Reached XP level 2. HP: 28/33 MP: 2/2
   567 | D:1      | Reached XP level 3. HP: 29/41 MP: 3/3
   841 | D:1      | Reached skill level 5 in Fighting
  1478 | D:2      | Reached XP level 4. HP: 50/50 MP: 4/4
  1962 | D:3      | Found a sparkling altar of Nemelex Xobeh.
  2082 | D:3      | Found a hide-covered altar of Uskayaw.
  2096 | D:3      | Became a worshipper of Nemelex Xobeh the Trickster
  2096 | D:3      | Reached * piety under Nemelex Xobeh
  2096 | D:3      | Received a gift from Nemelex Xobeh
  2096 | D:3      | Reached ** piety under Nemelex Xobeh
  2140 | D:3      | Found a basalt altar of Yredelemnul.
  2604 | D:3      | You fall into a shaft and drop 3 floors!
  2613 | D:6      | Found a broken altar of Ashenzari.
  2615 | D:6      | Found a white marble altar of Elyvilon.
  2615 | D:6      | Noticed a centaur
  2615 | D:6      | Noticed a sky beast
  2761 | D:6      | Noticed a scorpion
  2914 | D:6      | Found a hazy altar of Hepliaklqana.
  2936 | D:5      | Entered Level 5 of the Dungeon
  2973 | D:4      | Received a gift from Nemelex Xobeh
  3011 | D:4      | Reached *** piety under Nemelex Xobeh
  3051 | D:4      | Noticed an ogre
  3057 | D:4      | Killed an ogre
  3058 | D:4      | Reached skill level 6 in Fighting
  3058 | D:4      | Reached skill level 1 in Invocations
  3058 | D:4      | Reached XP level 5. HP: 59/59 MP: 4/6
  3065 | D:4      | Reached XP level 6. HP: 68/68 MP: 4/7
  3077 | D:4      | Noticed an orc warrior
  3081 | D:4      | Killed an orc warrior
  3082 | D:4      | Reached skill level 7 in Fighting
  3119 | D:4      | Noticed Menkaure
  3121 | D:4      | Killed Menkaure
  3122 | D:4      | Reached XP level 7. HP: 45/78 MP: 7/9
  3353 | D:4      | Received a gift from Nemelex Xobeh
  3903 | D:4      | Found an iron altar of Okawaru.
  4026 | D:4      | Found a shimmering blue altar of Sif Muna.
  4226 | D:5      | Reached skill level 8 in Fighting
  4460 | D:5      | Reached XP level 8. HP: 52/89 MP: 10/10
  4986 | D:5      | Found a glowing silver altar of Zin.
  5254 | D:5      | Reached **** piety under Nemelex Xobeh
  5320 | D:5      | Found a snail-covered altar of Cheibriados.
  5486 | D:5      | Received a gift from Nemelex Xobeh
  5712 | D:6      | Reached skill level 9 in Fighting
  5747 | D:6      | Found a staircase to the Ecumenical Temple.
  5960 | D:6      | Reached skill level 5 in Maces & Flails
  5960 | D:6      | Reached skill level 5 in Dodging
  5973 | D:6      | Reached skill level 10 in Fighting
  6476 | D:6      | Found a runed translucent door.
  6476 | D:6      | Noticed TheGhostDragon952's ghost (novice MiBe)
  6519 | D:6      | Reached XP level 9. HP: 60/102 MP: 12/12
  6797 | D:6      | Reached skill level 5 in Invocations
  7026 | D:6      | Found a glowing golden altar of the Shining One.
  7163 | D:6      | Received a gift from Nemelex Xobeh
  7252 | D:6      | Reached skill level 1 in Armour
  8760 | D:7      | Found a bloodstained altar of Trog.
  8777 | D:7      | Reached skill level 11 in Fighting
  8985 | D:7      | Found a runed translucent gate.
  8985 | D:7      | Found a runed translucent gate.
  8985 | D:7      | Found a runed translucent gate.
  8988 | D:7      | Noticed quakins's ghost (novice FoFi)
  8990 | D:7      | Noticed a kobold demonologist
  9180 | D:8      | Found a stormy altar of Qazlal.
  9382 | D:8      | Received a gift from Nemelex Xobeh
 10030 | D:9      | Noticed Grum
 10030 | D:9      | Noticed Joseph
 10031 | D:9      | Noticed a cacodemon
 10036 | D:9      | Reached XP level 10. HP: 104/114 MP: 5/14
 10039 | D:9      | Killed Joseph
 10043 | D:9      | Killed Grum
 10248 | D:9      | Found a shimmering altar of Xom.
 10248 | D:9      | Found a shimmering altar of Xom.
 10249 | D:9      | Found a shimmering altar of Xom.
 10261 | D:9      | Found a shimmering altar of Xom.
 10263 | D:9      | Found a shimmering altar of Xom.
 10337 | D:9      | Found a shimmering altar of Xom.
 10454 | D:9      | Received a gift from Nemelex Xobeh
 10454 | D:9      | Noticed alphun's ghost (novice KoBe)
 10456 | D:9      | Found a runed translucent door.
 10815 | D:9      | Reached skill level 12 in Fighting
 11262 | D:9      | Found a shadowy altar of Dithmenos.
 11364 | D:9      | Found Head's Book Shoppe.
 12012 | D:10     | Entered Level 10 of the Dungeon
 12014 | D:10     | Found a sacrificial altar of Ru.
 12019 | D:10     | Noticed a kobold demonologist
 12022 | D:10     | Killed a kobold demonologist
 12072 | D:10     | Reached ***** piety under Nemelex Xobeh
 12144 | D:10     | Reached XP level 11. HP: 123/124 MP: 16/16
 12287 | D:10     | Found a staircase to the Orcish Mines.
 12381 | D:10     | Noticed Maurice
 12390 | D:10     | Killed Maurice
 12391 | D:10     | Reached skill level 5 in Armour
 12465 | D:10     | Identified the +0 quarterstaff "Qyoddoq" {vorpal, Contam
                  | rPois rC+ Int+8 Dex-5}
 12973 | D:10     | Found a staircase to the Lair.
 13437 | Lair:1   | Entered Level 1 of the Lair of Beasts
 13584 | Lair:1   | Found a transporter.
 13585 | Lair:1   | Found a transporter.
 13585 | Lair:1   | Noticed a boulder beetle
 13585 | Lair:1   | Noticed a boulder beetle
 13670 | Lair:1   | Received a gift from Nemelex Xobeh
 14066 | Lair:1   | Reached skill level 13 in Fighting
 15310 | Lair:2   | Noticed a seven-headed hydra
 15611 | Lair:2   | Received a gift from Nemelex Xobeh
 15645 | Lair:2   | Reached skill level 10 in Maces & Flails
 16005 | Lair:2   | Received a gift from Nemelex Xobeh
 16182 | Lair:2   | Reached XP level 12. HP: 93/137 MP: 17/19
 16253 | Lair:2   | Noticed a five-headed hydra
 16256 | Lair:2   | Killed a five-headed hydra
 16395 | Lair:2   | Killed a seven-headed hydra
 16396 | Lair:2   | Reached skill level 14 in Fighting
 16708 | Lair:3   | Identified the +2 robe of True Grit {Str+3 Stlth+}
 16746 | Lair:3   | Found a staircase to the Shoals.
 16988 | Lair:3   | Received a gift from Nemelex Xobeh
 17000 | Lair:3   | Reached skill level 10 in Invocations
 17043 | Lair:3   | Noticed an eight-headed hydra
 17070 | Lair:3   | Killed an eight-headed hydra
 17184 | Lair:3   | Reached ****** piety under Nemelex Xobeh
 17309 | Lair:3   | Found a staircase to the Snake Pit.
 17421 | Lair:3   | Received a gift from Nemelex Xobeh
 17964 | Lair:4   | Noticed a boulder beetle
 17970 | Lair:4   | a boulder beetle changed into a goliath frog
 18312 | Lair:4   | Received a gift from Nemelex Xobeh
 18326 | Lair:4   | Found a sparkling altar of Nemelex Xobeh.
 18463 | Lair:4   | Received a gift from Nemelex Xobeh
 18601 | Lair:4   | Reached XP level 13. HP: 109/148 MP: 20/20
 18613 | Lair:4   | Reached skill level 15 in Fighting
 19272 | Lair:4   | Received a gift from Nemelex Xobeh
 19437 | Lair:5   | Entered Level 5 of the Lair of Beasts
 19851 | Lair:5   | Noticed a dire elephant
 19866 | Lair:5   | Killed a dire elephant
 20017 | Lair:5   | Noticed a dire elephant
 20018 | Lair:5   | Noticed a storm dragon
 20018 | Lair:5   | a dire elephant changed into a storm dragon
 20023 | Lair:5   | Identified the +5 executioner's axe of Zin's Righteous Fury
                  | {freeze, Dex+2}
 20026 | Lair:5   | Killed a storm dragon
 20027 | Lair:5   | Reached skill level 16 in Fighting
 20040 | Lair:5   | Identified the +3 war axe "Cotiofom" {vorpal, *Corrode
                  | rF+++ Str+6 Dex-4}
 20292 | Lair:5   | Found a viscous altar of Jiyva.
 20295 | Lair:5   | Found a staircase to the Slime Pits.
 20338 | Lair:5   | Received a gift from Nemelex Xobeh
 20643 | Lair:5   | Noticed a fire dragon
 20646 | Lair:5   | Killed a fire dragon
 20732 | Lair:5   | Reached XP level 14. HP: 163/163 MP: 22/22
 20872 | Lair:5   | HP: 6/163 [blink frog (9)]
 20875 | Lair:5   | Killed from afar by a rime drake

Illustrated notes

Levels and vault maps discovered:
D:1:      minmay_arrival_doors, layout_basic,
          dreamdust_ecumenical_altar_drowned_temple, minmay_tetromino_t4
D:2:      layout_loops_ring
D:3:      layout_loops_corners, lemuel_round_altar, overflow_temple_1_default,
          mainiacjoe_overflow_tiny_flanked, dreamdust_princess_bridge
D:4:      nicolae_cairo_tiling_very_big, layout_cave_pools,
          lemuel_blue_sif_altar, lemuel_tele_altar, uniq_menkaure
D:5:      layout_basic, zin_scriptorium, chei_slow_surprise
D:6:      layout_loops_ring, mainiacjoe_overflow_chevrons,
          nicolae_tso_swordbearing_angel, grunt_temple_overflow_open,
          minmay_temple_entry_water_ring, gammafunk_ghost_grave
D:7:      layout_cave_pools, trog_butcher_becter, gammafunk_ghost_nasty_kobolds,
          grunt_ministairs_7
D:8:      layout_gridville, nicolae_qazlal_general_emergency,
          nicolae_figureground_pulse
D:9:      layout_roguey, xom_redecorated, nicolae_dithmenos_the_darkroom,
          hellmonk_ghost_happy_afterlife, minmay_shop_grid_forest, uniq_grum,
          uniq_joseph
D:10:     layout_basic, nicolae_ru_awakened_eye, dpeg_oklobed_lair,
          hiddenorc1_lemuel, uniq_maurice
Lair:1:   gammafunk_boulding_lane, layout_cave_pods, grunt_megastairs_4
Lair:2:   layout_chaotic_city, grunt_megastairs_2
Lair:3:   layout_chaotic_city, minmay_shoals_entry_beasts,
          guppyfry_snake_entry_island, serial_forest,
          infiniplex_forest_corner_1, infiniplex_forest_lined_1,
          infiniplex_forest_clump_large, infiniplex_forest_clump_diagonal,
          infiniplex_forest_zigzag_1, infiniplex_forest_3_way,
          infiniplex_forest_straight_3, infiniplex_forest_end_1,
          infiniplex_forest_clump_tiny
Lair:4:   layout_layer_cave, basic_altar, grunt_megastairs_1
Lair:5:   guppyfry_lair_end_dragon, layout_small_grid, hangedman_lair_in_review,
          nicolae_slime_entry_slimehenge, lemuel_fruit_fields

Skill      XL: |  1  2  3  4  5  6  7  8  9 10 11 12 13 |
---------------+----------------------------------------+-----
Maces & Flails | 3 4 5 6 8 10 12 13 | 13.5
Dodging        | 3 4 5 6 7 |  7.0
Fighting       | 5 6 7 8 10 11 12 13 14 16 | 16.7
Invocations    | 1 2 3 4 6 7 9 10 11 | 11.8
Armour         | 3 4 5 |  5.2
Stealth        | |  1.4

Action                   |  1- 3 |  4- 6 |  7- 9 | 10-12 | 13-15 || total
-------------------------+-------+-------+-------+-------+-------++-------
Melee: Mace              |    98 |    51 |   233 |   103 |       ||   485
       Punch             |     1 |       |     2 |     6 |       ||     9
       Flail             |       |       |       |   394 |       ||   394
       Giant club        |       |       |       |   112 |    50 ||   162
       Giant spiked club |       |       |       |       |   180 ||   180
Throw: Stone             |       |       |       |     6 |     2 ||     8
Invok: Draw Destruction  |       |     2 |    24 |    19 |    15 ||    60
       Draw Summoning    |       |     1 |     6 |     6 |     3 ||    16
       Draw Escape       |       |       |     1 |     9 |     1 ||    11
       Deal Four         |       |       |     1 |       |     1 ||     2
       Triple Draw       |       |       |       |       |     1 ||     1
Evoke: Wand              |       |       |       |     2 |       ||     2
  Use: Scroll            |       |    11 |     4 |     5 |    11 ||    31
       Potion            |       |     1 |     1 |     5 |     4 ||    11
 Stab: Sleeping          |     2 |     2 |     1 |       |       ||     5
       Distracted        |     1 |       |     1 |       |       ||     2
       Paralysed         |       |       |       |     3 |       ||     3
       Petrified         |       |       |       |       |     1 ||     1
Armor: Robe              |    29 |    20 |    42 |       |       ||    91
       Steam dragon scal |       |       |    25 |   243 |   146 ||   414
Dodge: Dodged            |    63 |    38 |   167 |   335 |   168 ||   771
